 Dungeon Crawl Stone Soup version 0.21-a0-140-g479285b (webtiles) character file.

91 sscrono2 the Sneak (level 4, -1/29 HPs)
             Began as an Octopode Assassin on July 20, 2017.
             Was an Initiate of Ru.
             Killed from afar by an orc (4 damage)
             ... on level 3 of the Dungeon.
             The game lasted 00:02:35 (2251 turns).

sscrono2 the Sneak (Octopode Assassin)              Turns: 2251, Time: 00:02:35

Health: -1/29      AC:  1    Str: 11    XL:     4   Next: 57%
Magic:  4/4        EV: 13    Int: 13    God:    Ru [......]
Gold:   125        SH:  0    Dex: 13    Spells: 3/3 levels left

rFire    . . .     SeeInvis .   a - +1 dagger (venom)
rCold    . . .     Gourm    .   (no shield)
rNeg     . . .     Faith    .   (helmet restricted)
rPois    .         Spirit   .   (no amulet)
rElec    .         Reflect  .   (no ring)
rCorr    .         Harm     .   (no ring)
MR       .....                  (no ring)
Stlth    ++++......             (no ring)
HPRegen  0.09/turn              (no ring)
MPRegen  0.09/turn              (no ring)
                                (no ring)
                                (no ring)

@: no status effects
A: almost no armour, stealthy swim, amphibious, 8 rings, constrict 8, camouflage
1, gelatinous body 1
a: Renounce Religion


You were on level 3 of the Dungeon.
You worshipped Ru.
Ru was noncommittal.
You were not hungry.

You visited 1 branch of the dungeon, and saw 3 of its levels.

You collected 125 gold pieces.

Inventory:

Hand Weapons
 a - a +1 dagger of venom (weapon)
 b - a +0 blowgun
Missiles
 c - 8 poisoned needles
 d - 2 curare-tipped needles
Wands
 f - a wand of lightning (9/15)
Scrolls
 h - 2 scrolls of fog
 k - a scroll of blinking
 m - 2 scrolls of remove curse
Potions
 g - a potion of brilliance
 n - a potion of resistance
 o - a potion of might {unknown}
 q - a potion of mutation {unknown}
Comestibles
 i - 6 fruits
 l - a royal jelly


   Skills:
 - Level 2.0 Fighting
 + Level 4.6 Short Blades
 - Level 2.0 Throwing
 - Level 1.0 Dodging
 - Level 5.3 Stealth


You had 3 spell levels left.
You didn't know any spells.

Dungeon Overview and Level Annotations

Branches:
Dungeon (3/15)

Altars:
Ru


Innate Abilities, Weirdness & Mutations

You cannot wear most types of armour.
You are very stealthy in the water. (Stealth+)
You are amphibious.
You can wear up to eight rings at the same time.
You can use your tentacles to constrict eight enemies at once.
Your skin changes colour to match your surroundings (Stealth+).
Your rubbery body absorbs attacks. (AC +1, EV +1)


Message History

You kill the orc!
The orc hits you with a falchion.
* * * LOW HITPOINT WARNING * * *
You barely miss the orc. Your grab misses the orc. The orc misses you.
You hit the orc but do no damage.
The orc is poisoned.
You grab the orc. You constrict the orc. You hit the orc.
The orc looks as sick as possible!
You squeeze the orc.
You kill the orc!
Items here: )) [ † a falchion; a scale mail; a dagger; an orc corpse You butcher the orc corpse.
The orc throws an exploding tomahawk.
The exploding tomahawk misses you.
The exploding tomahawk explodes!
You hear a shout! x2
Items here: % )) [ a falchion; a scale mail; a dagger; 4 chunks of flesh The orc throws an exploding tomahawk.
The exploding tomahawk hits you.
* * * LOW HITPOINT WARNING * * *
The exploding tomahawk explodes!
The explosion of tomahawk fragments engulfs you!
You die...

#.......o.. .
#.........#.#
..........#.
.........o.
#.........# .
#.........#
##..
..........#
.....
#..o####.....#
#.#[)@).# #
#####...#
#...... ...###
.... .###. #


You could see an orc.

Vanquished Creatures
  An orc priest (D:2)
  2 adders (D:2)
  6 orcs (D:3)
  5 bats
  A giant cockroach (D:1)
  3 goblins (D:2)
  5 hobgoblins
  A ball python (D:2)
  2 frilled lizards
  4 kobolds
  5 rats
35 creatures vanquished.

Vanquished Creatures (others)
  An adder (D:3)
  A hobgoblin (D:3)
2 creatures vanquished.

Grand Total: 37 creatures vanquished

Notes
Turn   | Place    | Note
-------+----------+-------------------------------------------
     0 | D:1      | sscrono2 the Octopode Assassin began the quest for the Orb.
     0 | D:1      | Reached XP level 1. HP: 14/14 MP: 1/1
   163 | D:1      | Reached XP level 2. HP: 8/19 MP: 2/2
   969 | D:2      | Reached XP level 3. HP: 24/24 MP: 3/3
  1084 | D:2      | Found a sacrificial altar of Ru.
  1148 | D:2      | Became a worshipper of Ru the Awakened
  1636 | D:2      | Reached XP level 4. HP: 25/29 MP: 4/4
  2251 | D:3      | Killed from afar by an orc

Vault maps used:
D:1:      evilmike_arrival_rings
D:2:      hangedman_ru_absence
D:3:      zin_treasury, nicolae_overflow_hidden_temple, minmay_lizard_king

Skill      XL: |  1  2  3 |
---------------+----------+-----
Short Blades   | 3 4 |  4.6
Fighting       | |  2.0
Throwing       | |  2.0
Dodging        | |  1.0
Stealth        | |  5.3

Action                   |  1- 3 |  4- 6 || total
-------------------------+-------+-------++-------
Melee: Dagger            |    53 |    16 ||    69
       Constrict         |    10 |     3 ||    13
       Tentacles         |     6 |     5 ||    11
  Use: Potion            |     5 |       ||     5
       Scroll            |       |     6 ||     6
 Stab: Sleeping          |    12 |       ||    12
       Distracted        |     1 |       ||     1
  Eat: Chunk             |     2 |       ||     2
       Bread ration      |       |     1 ||     1
Armor: Skin              |     4 |       ||     4
Dodge: Dodged            |    34 |    13 ||    47
